 Dungeon Crawl Stone Soup version 0.22-a0-305-gd21a89c (webtiles) character file.

1204 grindst0ne the Shield-Bearer (level 8, -3/58 HPs)
             Began as a Mummy Fighter on Mar 30, 2018.
             Slain by Sigmund
             ... wielding a +0 scythe
              (4 damage)
             ... on level 6 of the Dungeon.
             The game lasted 00:08:05 (6557 turns).

grindst0ne the Shield-Bearer (Mummy Fighter)        Turns: 6557, Time: 00:08:06

Health: -3/58      AC:  9    Str: 21    XL:     8   Next: 21%
Magic:  8/8        EV:  6    Int:  7    God:
Gold:   240        SH: 11    Dex: 18    Spells: 7/7 levels left

rFire    x . .     SeeInvis .   a - +0 flail
rCold    + . .     Gourm    .   c - +0 shield
rNeg     + + +     Faith    .   h - +0 chain mail
rPois    ∞         Spirit   .   (no helmet)
rElec    .         Reflect  .   (no cloak)
rCorr    .         Harm     .   (no gloves)
MR       +....                  (no boots)
Stlth    ..........             (no amulet)
HPRegen  0.19/turn              e - +6 ring of dexterity
MPRegen  0.11/turn              (no ring)

@: about to teleport
A: no food or potions, fire vulnerability, cold resistance 1, negative energy
resistance 3, torment resistance, unbreathing
a: no special abilities


You were on level 6 of the Dungeon.
You were not hungry.

You visited 1 branch of the dungeon, and saw 6 of its levels.

You collected 240 gold pieces.

Inventory:

Hand Weapons
 a - a +0 flail (weapon)
Missiles
 f - a throwing net (quivered)
 k - 8 poisoned tomahawks
Armour
 b - a +0 scale mail
 c - a +0 shield (worn)
 h - a +0 chain mail (worn)
Jewellery
 e - a +6 ring of dexterity (left hand)
 g - an uncursed ring of magical power
Scrolls
 i - a scroll of random uselessness
 j - 2 scrolls of remove curse
 l - a scroll of amnesia {unknown}
 m - a scroll of enchant weapon
 n - a scroll of immolation
 p - 2 scrolls of magic mapping {unknown}


   Skills:
 - Level 3.0 Fighting
 + Level 4.9 Maces & Flails
 + Level 5.3 Armour
 + Level 5.3 Shields


You had 7 spell levels left.
You didn't know any spells.

Dungeon Overview and Level Annotations

Branches:
Dungeon (6/15)
 Temple: D:4-7

Altars:
Ashenzari
Cheibriados
Sif Muna
Trog
Vehumet
Zin

Shops:
D:6 :[

Annotations:
D:6 Dowan, Sigmund


Innate Abilities, Weirdness & Mutations

You do not eat or drink.
Your flesh is vulnerable to fire.
You are immune to poison.
Your flesh is cold resistant. (rC+)
You are immune to negative energy. (rN+++)
You are immune to unholy pain and torment.
You can survive without breathing.


Message History

You sock something! Something hits you!
You miss something. Something hits you but does no damage.
You hit something but do no damage.
The crimson imp blinks!
Something hits you.
You miss something.
Dowan shouts!
Dowan seems to find hidden reserves of power!
You aren't carrying any items that you can evoke.
As you read the scroll of teleportation, it crumbles to dust.
You feel strangely unstable.
Dowan points at you and mumbles some strange words.
You block the stone arrow.
You hear some strange, mumbled words.
A puff of flame appears from out of thin air!
The puff of flame hits you! The fire burns you terribly!
* * * LOW HITPOINT WARNING * * *
Dowan points at you and mumbles some strange words.
The shard of ice hits you! You partially resist.
* * * LOW HITPOINT WARNING * * *
Something hits you.
You die...

§......∩......e...#...........#
.......########..5{...........#
#...#### ######.........# #####
###.......# #<.>....# ######
##.......# ######....####
##........#
#..†.........#######...(.....#
................@).e.........##
..........[....###{...........#
########..###### ######.5.....#
#### #.......# #.......#
#########.....###
##.....##....###
#####..PPP.##....#
##.......∩.......##


You could see Dowan.

Vanquished Creatures
  Grinder (D:3)
  Duvessa (D:6)
  2 sky beasts (D:5)
  The ghost of Sergey the Skirmisher, an amateur MfAK of Lugonu (D:3)
  2 scorpions
  2 howler monkeys
  A bullfrog zombie (D:5)
  2 hounds
  An orc priest (D:5)
  A gnoll shaman (D:4)
  An orc wizard (D:5)
  Terence (D:2)
  A howler monkey zombie (D:5)
  2 worker ant zombies (D:5)
  A howler monkey skeleton (D:6)
  7 gnolls
  5 adders
  2 shadow imps
  2 oozes (D:1)
  A worm (D:2)
  3 dart slugs (D:1)
  5 leopard geckos
  4 orcs
  5 giant cockroaches
  8 goblins
  5 hobgoblins
  4 jackals (D:5)
  15 kobolds
  2 quokkas (D:5)
  5 bats
  7 frilled lizards
  A leopard gecko skeleton (D:5)
  5 rats
106 creatures vanquished.

Notes
Turn   | Place    | Note
-------+----------+-------------------------------------------
     0 | D:1      | grindst0ne the Mummy Fighter began the quest for the Orb.
     0 | D:1      | Reached XP level 1. HP: 18/18 MP: 1/1
   107 | D:1      | Reached XP level 2. HP: 22/24 MP: 2/2
   620 | D:1      | Reached XP level 3. HP: 29/29 MP: 3/3
   865 | D:2      | Noticed Terence
   876 | D:2      | Killed Terence
   876 | D:2      | Reached XP level 4. HP: 27/35 MP: 4/4
   913 | D:2      | Found a shattered altar of Ashenzari.
  1212 | D:2      | HP: 1/35 [gnoll/whip (3)]
  1993 | D:2      | Found a bloodstained altar of Trog.
  2265 | D:3      | Noticed Sergey's ghost (amateur MfAK)
  2314 | D:3      | Killed Sergey's ghost
  2314 | D:3      | Reached XP level 5. HP: 20/41 MP: 5/5
  2620 | D:3      | Found a glowing silver altar of Zin.
  2654 | D:3      | Reached XP level 6. HP: 29/47 MP: 6/6
  2951 | D:3      | Noticed Grinder
  2962 | D:3      | Paralysed by Grinder for 3 turns
  3168 | D:3      | Paralysed by Grinder for 4 turns
  3183 | D:3      | Paralysed by Grinder for 3 turns
  3230 | D:3      | Paralysed by Grinder for 4 turns
  3268 | D:3      | Paralysed by Grinder for 5 turns
  4694 | D:5      | Entered Level 5 of the Dungeon
  4707 | D:5      | Found a snail-covered altar of Cheibriados.
  4777 | D:5      | Found a deep blue altar of Sif Muna.
  4860 | D:5      | Noticed a sky beast
  4874 | D:5      | HP: 1/47 [howler monkey (6)]
  4876 | D:5      | Reached XP level 7. HP: 1/52 MP: 7/7
  5769 | D:5      | Found a radiant altar of Vehumet.
  5923 | D:3      | Killed Grinder
  5923 | D:3      | Reached skill level 5 in Armour
  5923 | D:3      | Reached skill level 5 in Shields
  5923 | D:3      | Reached XP level 8. HP: 39/58 MP: 8/8
  6193 | D:6      | Found Zogon's Book Boutique.
  6193 | D:6      | Noticed Sigmund
  6414 | D:6      | Found Wuwyhal's Antique Armour Shop.
  6490 | D:6      | Noticed Duvessa
  6491 | D:6      | Noticed Dowan
  6541 | D:6      | Killed Duvessa
  6557 | D:6      | HP: 1/58 [Dowan/shard of ice (9)]
  6557 | D:6      | Slain by Sigmund

Vault maps used:
D:1:      eino_arrival_cavern_c
D:2:      nicolae_overflow_hidden_temple, bloody_trog, minmay_misc_feat_five,
          uniq_terence
D:3:      lemuel_doored_altar, uniq_grinder
D:4:      minmay_stone_trees_small
D:5:      overflow_temple_1_default, overflow_temple_1_default,
          lemuel_crystal_altar, first_ration
D:6:      dancing_weapons_uskayaw, serial_shops, kennysheep_mini_moat, shop,
          nicolae_shop_overgrown_old_shop, shop, kennysheep_generic_room_8,
          uniq_sigmund, uniq_duvessa

Skill      XL: |  1  2  3  4  5  6  7 |
---------------+----------------------+-----
Maces & Flails | 2 3 4 |  4.9
Armour         | 3 4 5 |  5.3
Shields        | 3 4 5 |  5.3
Fighting       | |  3.0

Action                   |  1- 3 |  4- 6 |  7- 9 || total
-------------------------+-------+-------+-------++-------
Melee: Flail             |   110 |   295 |   140 ||   545
Throw: Throwing net      |       |     2 |       ||     2
       Tomahawk          |       |     1 |       ||     1
  Use: Scroll            |       |     4 |     5 ||     9
Armor: Scale mail        |    55 |    14 |       ||    69
       Chain mail        |       |   138 |    58 ||   196
Dodge: Dodged            |    31 |    83 |    15 ||   129
Block: Shield            |    52 |   174 |    69 ||   295

Table legend:
 A = Spawn XP
 B = Non-spawn XP
 C = Spawn XP percentage of total XP
 D = Spawn monster count
 E = Non-spawn monster count
 F = Spawn count percentage of total count
 G = Total turns spent on level
                    A         B        C        D         E        F      G
               +---------+---------+-------+---------+---------+-------+---------
         Total |       0 |    1721 |   0.0 |       0 |     106 |   0.0 |  6557
               +---------+---------+-------+---------+---------+-------+---------
           D:1 |       0 |      67 |   0.0 |       0 |      28 |   0.0 |   855
           D:2 |       0 |     100 |   0.0 |       0 |      19 |   0.0 |  1514
           D:3 |       0 |     505 |   0.0 |       0 |      20 |   0.0 |  1154
           D:4 |       0 |     115 |   0.0 |       0 |       8 |   0.0 |  1697
           D:5 |       0 |     649 |   0.0 |       0 |      24 |   0.0 |  1123
           D:6 |       0 |     285 |   0.0 |       0 |       7 |   0.0 |   214
               +---------+---------+-------+---------+---------+-------+---------
